Map: Ultralove

Players

ManlyManMeat - Winner!

  • Race: Zerg Zerg
  • League: Diamond
  • Spawn Location: 7:00

Dem

  • Race: Protoss Protoss
  • League: Gold
  • Spawn Location: 1:00

VOD

Have the link to the VOD?

Description

Time

  • Played on: July 5, 2025, 10:39 a.m.
  • Length: 9:06
Show
View Real Time Build Order
Export as new Build Order

ManlyManMeat Zerg - Winner!

Build Orders: Hatch First 

Get SALT Encoding   

  12  0:00  Drone  
  13  0:08  Drone  
  14  0:15  Drone, Extractor  
  15  0:22  Overlord  
  15  0:40  Drone  
  16  0:46  Hatchery  
  15  1:22  Drone x3  
  18  1:34  Drone  
  19  1:52  Spawning Pool  
  19  1:53  Drone  
  19  1:54  Extractor  
  18  2:07  Drone  
  19  2:40  Zergling x12  
  19  2:41  Queen  
  27  2:54  Drone  
  28  3:08  Overlord x3  
  28  3:26  Queen  
  30  3:28  Drone x4  
  34  3:34  Hatchery  
  33  3:47  Drone x4  
  37  3:57  Drone  
  37  3:58  Drone x3  
  37  4:02  Queen  
  43  4:07  Drone  
  43  4:08  Drone, Extractor  
  44  4:16  Drone  
  45  4:18  Lair  
  45  4:22  Drone  
  45  4:23  Drone, Extractor x2  
  45  4:36  Overlord  
  45  4:37  Overlord  
  45  4:38  Overlord  
  45  4:48  Drone x2  
  45  4:49  Drone, Evolution Chamber  
  45  4:51  Evolution Chamber  
  46  5:03  Spore Crawler  
  46  5:04  Spore Crawler x2  
  46  5:06  Spore Crawler  
  42  5:08  Drone x3  
  42  5:09  Drone  
  46  5:32  Queen  
  48  5:36  Hydralisk Den  
  48  5:37  Drone x5  
  52  5:49  Zerg Missile Weapons Level 1  
  52  5:50  Zerg Ground Armor Level 1  
  52  5:52  Overlord x2  
  52  6:01  Spore Crawler  
  52  6:02  Drone  
  51  6:06  Hydralisk x2, Muscular Augments  
  55  6:18  Hydralisk  
  56  6:31  Hydralisk x2  
  60  6:37  Overlord x2  
  60  6:43  Drone  
  60  6:44  Drone x5  
  66  6:55  Hydralisk  
  66  6:56  Hydralisk x2  
  66  6:58  Overlord x3  
  70  7:04  Overlord x2  
  70  7:23  Hydralisk x3  
  76  7:34  Hydralisk x3  
  82  7:37  Grooved Spines  
  82  7:42  Zergling x8  
  82  7:43  Hatchery  
  85  7:48  Hydralisk x2  
  89  7:57  Hydralisk x2  
  88  8:07  Hydralisk x3  
  94  8:37  Hatchery  
  94  8:38  Hydralisk  
  94  8:39  Hydralisk x3  
Show
View Real Time Build Order
Export as new Build Order

Dem Protoss 

Build Orders:  

Get SALT Encoding   

  12  0:00  Probe  
  13  0:12  Probe  
  14  0:20  Pylon  
  14  0:24  Probe  
  15  0:34  Probe  
  15  0:42  Forge, Probe  
  17  0:52  Pylon  
  17  0:56  Probe  
  18  1:05  Pylon  
  17  1:34  Pylon, Probe  
  18  1:44  Pylon  
  18  1:46  Gateway  
  18  1:48  Probe  
  19  1:57  Photon Cannon  
  19  2:00  Gateway  
  19  2:02  Photon Cannon  
  19  2:06  Probe  
  20  2:18  Probe  
  21  2:25  Assimilator  
  21  2:29  Assimilator  
  21  2:30  Probe  
  21  2:34  Pylon  
  21  2:39  Probe  
  22  2:45  Cybernetics Core  
  22  2:47  Probe, Photon Cannon  
  22  2:50  Pylon  
  23  2:57  Probe  
  23  2:59  Zealot  
  24  3:09  Probe  
  27  3:23  Warp Gate  
  27  3:38  Stargate  
  27  3:39  Gateway  
  27  3:49  Nexus  
  27  3:55  Stalker  
  29  4:05  Probe  
  30  4:18  Void Ray  
  34  4:31  Photon Cannon  
  34  4:36  Shield Battery  
  34  4:38  Shield Battery  
  34  4:40  Stargate  
  34  4:44  Probe  
  35  4:58  Probe  
  35  5:01  Probe  
  35  5:05  Assimilator  
  35  5:06  Probe, Assimilator  
  37  5:10  Pylon  
  37  5:13  Probe  
  39  5:17  Void Ray  
  40  5:25  Probe  
  40  5:27  Void Ray  
  48  6:03  Pylon  
  52  6:04  Void Ray  
  52  6:05  Probe  
  52  6:09  Probe  
  54  6:13  Probe  
  55  6:21  Probe  
  60  6:29  Void Ray  
  60  6:33  Shield Battery, Probe  
  60  6:34  Shield Battery  
  61  7:00  Stalker  
  61  7:01  Stalker  
  65  7:03  Probe x2  
  65  7:05  Protoss Air Weapons Level 1  
  67  7:15  Probe x2  
  69  7:18  Shield Battery  
  69  7:27  Probe x2  
  67  7:39  Probe  
  67  7:43  Pylon  
  68  7:50  Pylon  
  68  7:53  Probe x2  
  68  7:55  Gateway  
  68  7:56  Gateway  
  70  8:01  Gateway  
  70  8:04  Void Ray  
  70  8:05  Probe x2, Twilight Council  
  78  8:14  Void Ray  
  78  8:27  Fleet Beacon  
  78  8:30  Pylon, Photon Cannon  
  78  8:38  Photon Cannon  
  65  8:58  Nexus  
  65  8:59  Pylon  
Tags
 
Matchup
PvZ
Replay Pack
Myownreplay2
Spawn Locations
Cross Positions
Add a new tag
Caveats
  • Supply blocks, unpowered buildings, or Contaminate may cause inaccurate times.
  • Supply counts are checked every 10 seconds.